 Dungeon Crawl Stone Soup version 0.14-a0-1707-g75daffb (webtiles) character file.

72303 Nicoed the Severer (level 14, -13/133 HPs)
             Began as a Deep Dwarf Fighter on Dec 31, 2013.
             Was the Champion of Makhleb.
             Killed from afar by a deep elf annihilator (25 damage)
             ... with an iron shot
             ... on Level 1 of the Depths.
             The game lasted 02:13:52 (16007 turns).

Nicoed the Severer (Deep Dwarf Fighter)            Turns: 16007, Time: 02:13:53

HP -13/133       AC 22     Str 27 (28) XL: 14   Next: 97%
MP  17/17        EV 20     Int 13      God: Makhleb [******]
Gold 1058        SH 28     Dex 15      Spells:  0 memorised, 13 levels left

rFire  . . .     SeeInvis .     x - +2,-2 broad axe of Jeypteh {freeze, Hunger+ rPois MR++ Str+3}
rCold  . . .     Clarity  .     D - +3 dwarf scale mail {rPois}
rNeg   + . .     Conserve .     c - +0 dwarf shield
rPois  +         rCorr    .     o - +0 helmet
rElec  .         rRot     .     W - +2 dwarf cloak {rPois}
SustAb . .       Spirit   .     Z - +0 pair of gloves
rMut   .         Warding  .     w - +1 pair of orc boots
Saprov . . .     Stasis   +     L - amulet of Gheocim {Stasis Int+4 Dam+4}
                                f - +5 ring of evasion
                                B - +3 ring of dexterity

@: non-regenerating, heavily drained, extremely resistant to hostile
enchantments, extremely unstealthy
A: damage resistance, recharge devices, deterioration 1, life protection 1,
sense surroundings 2, slow healing 3
a: Device Recharging, Minor Destruction, Lesser Servant of Makhleb, Major
Destruction, Greater Servant of Makhleb, Renounce Religion


You were on level 1 of the Depths.
You worshipped Makhleb.
Makhleb was exalted by your worship.
You were not hungry.

You visited 3 branches of the dungeon, and saw 18 of its levels.
You visited the Abyss 1 time.
You also visited: Ossuary.

You collected 1140 gold pieces.
You spent 82 gold pieces at shops.

Inventory:

Hand weapons
 x - the +2,-2 broad axe of Jeypteh (weapon) {freeze, Hunger+ rPois MR++ Str+3}
   (You acquired it on level 11 of the Dungeon)

   It has been specially enchanted to freeze those struck by it, causing extra
   injury to most foes and up to double damage against particularly susceptible
   opponents.
   It can also slow down cold-blooded creatures.
   It affects your strength (+3).
   It protects you from poison.
   It affects your resistance to hostile enchantments.
   It greatly speeds your metabolism.
Armour
 c - a +0 dwarven shield (worn)
 o - a +0 helmet (worn)
 w - a +1 pair of orcish boots (worn)
 D - a +3 dwarven scale mail of poison resistance (worn)
 W - a +2 dwarven cloak of poison resistance (worn)
 Z - a +0 pair of gloves (worn)
Magical devices
 d - a wand of heal wounds (0)
 l - a wand of flame (7)
 z - a wand of polymorph (8)
 A - a wand of flame (0)
 E - a wand of paralysis (12)
 G - a wand of slowing (6)
 J - a wand of lightning (5)
 K - a wand of heal wounds (4)
 N - a wand of hasting (5)
 U - a wand of draining (2)
Comestibles
 m - 7 meat rations
Scrolls
 b - a scroll of fear
 e - 4 scrolls of teleportation
 h - a scroll of blinking
 j - 6 scrolls of remove curse
 n - 4 scrolls of enchant weapon II
 q - 6 scrolls of amnesia
 t - a scroll of identify
 C - a scroll of silence
 F - a scroll of summoning
 H - a scroll of enchant weapon I
 Q - a scroll of enchant armour
 X - 2 scrolls of magic mapping
Jewellery
 f - a +5 ring of evasion (right hand)
 B - a +3 ring of dexterity (left hand)
 L - the amulet of Gheocim (around neck) {Stasis Int+4 Dam+4}
   (You found it on level 8 of the Dungeon)

   [amulet of stasis]

   It affects your intelligence (+4).
   It affects your damage-dealing abilities (+4).
 S - an uncursed ring of protection from magic
Potions
 a - 2 potions of restore abilities
 g - 2 potions of invisibility
 k - a potion of curing
 p - a potion of beneficial mutation {unknown}
 r - a potion of magic
 s - 3 potions of speed
 u - 2 potions of brilliance
 v - 3 potions of flight
 R - 3 potions of heal wounds
 Y - a potion of coagulated blood
Books
 i - a book of Beasts

   Spells                             Type                      Level
   Summon Butterflies                 Summoning                    1
   Sticks to Snakes                   Transmutation                2
   Call Canine Familiar               Summoning                    3
   Ice Form                           Ice/Transmutation            4
   Summon Ice Beast                   Ice/Summoning                4
   Summon Hydra                       Summoning                    7
 V - a Necronomicon {highlevel}

   This book is beyond your current level of understanding.

   Spells                             Type                      Level
   Haunt                              Necromancy/Summoning         7
   Borgnjor's Revivification          Necromancy                   8
   Death's Door                       Charms/Necromancy            8
   Necromutation                      Transmutation/Necromancy     8
Miscellaneous
 I - a fan of gales


   Skills:
 * Level 10.5(9.0) Fighting
   Level 0.4(0.0) Long Blades
 * Level 16.8(15.1) Axes
 * Level 12.8(11.3) Armour
 + Level 13.4(11.8) Dodging
 - Level 0.6(0.0) Stealth
 - Level 12.0(10.5) Shields
 + Level 1.6(0.5) Invocations


You had 13 spell levels left.
You didn't know any spells.

Dungeon Overview and Level Annotations

Branches:
Dungeon (16/16)            Temple (1/1) D:6             Orc (0/4) D:11
   Lair (0/8) D:8          Vaults (0/5) D:15         Depths (1/6) D:16

Altars:
Ashenzari
Cheibriados
Elyvilon
Fedhas
Kikubaaqudgha
Makhleb
Nemelex Xobeh
Okawaru
Sif Muna
Trog
Vehumet
Xom
Yredelemnul
Zin
the Shining One

Shops:
D:4 *   Depths:1 [

Portals:
Hell: Depths:1
Trove: D:13 (give 2 scrolls of acquirement)


Innate Abilities, Weirdness & Mutations

You are resistant to damage.
You can recharge devices by infusing magical energy.
You resist negative energy.
You passively map the area around you.
You do not heal naturally.
Your body is slowly deteriorating.


Message History

The orc high priest picks up a scroll of blinking.
There is an open door here.
The deep elf annihilator hits you with an elven long sword.
You hit the deep elf annihilator. You freeze the deep elf annihilator.
The deep elf annihilator is lightly wounded.
The deep elf annihilator points at you and mumbles some strange words.
The crystal spear hits you!
* * * LOW HITPOINT WARNING * * *
You barely miss the deep elf annihilator.
The deep elf annihilator is lightly wounded.
The deep elf sorcerer gestures wildly while chanting.
The deep elf conjurer unwields an uncursed glowing elven long sword.
Its appearance distorts for a moment.
The deep elf conjurer drops an uncursed elven long sword of distortion.
The deep elf conjurer picks up a dire flail.
The deep elf conjurer wields a dire flail.
The orc high priest prays to Beogh.
The deep elf annihilator points at you and mumbles some strange words.
The iron shot hits you!
You die...

##..##.(.....##..##
###..##..#####).##..###
#...##.)## ##..##...##### #
(.###..## ##..###.....## ##
#'###..## ##..#######..## ##.
....##..## ##))##.....##..###..
.....##..#####.e#'.......##..#...
......##...o.ede#...#.#...##...).
.......##...4.##@...#.#....##....
###.....##''z##....#...#....##...
###.....##'')##...#.:...#...##...
....(..##.."$.##...##.##...##....
......##".....$##....#[.).##.....
.....##[.#...#d[##..[....##,.....
..(.##$.#.###.#.}##.((..## ......
+#'## .#.# ,,#,#..##+#(## ....
.^.[## .. * [##...(.##, ,


You could see a purple draconian, a deep elf annihilator, a deep elf sorcerer,
an orc high priest and a deep elf conjurer.

Vanquished Creatures
  A golden dragon (Depths:1)
  A titan (Depths:1)
  Rupert (D:15)
  A fire giant (Depths:1)
  A stone giant (Depths:1)
  A grey draconian (Depths:1)
  A vampire knight (Depths:1)
  2 spriggan air magi (Depths:1)
  An ettin (Depths:1)
  2 deep elf death magi (Depths:1)
  4 yaktaur captains (Depths:1)
  3 hydras
  Fannar (D:14)
  2 ogre magi (Depths:1)
  Harold (D:11)
  2 rakshasas (Depths:1)
  A tengu warrior (Depths:1)
  2 naga warriors (Depths:1)
  5 orc high priests (Depths:1)
  7 centaur warriors
  A vampire mage (Depths:1)
  5 very ugly things (Depths:1)
  Nergalle (D:14)
  A sun demon (D:15)
  A water nymph (shapeshifter) (D:16)
  A deep elf knight (Depths:1)
  A skeletal warrior (D:15)
  An ice devil (D:15)
  Erolcha (D:9)
  The ghost of Fv001 the Covered, an experienced DjFi of Okawaru (D:7)
  An orc knight (D:15)
  3 hill giants
  A necromancer (D:16)
  Joseph (D:10)
  A wizard (D:16)
  6 deep elf conjurers
  5 cyclopes
  An orc sorcerer (D:16)
  2 phantasmal warriors (Depths:1)
  A frost giant skeleton (D:16)
  A sixfirhy (D:15)
  Maurice (D:10)
  A queen ant (D:11)
  2 orange demons (D:15)
  An octopode (shapeshifter) (D:16)
  A feature mimic (D:14)
  2 octopodes (D:9)
  9 yaktaurs
  A hellwing (D:15)
  A guardian mummy (Depths:1)
  A smoke demon (D:15)
  2 naga magi (Depths:1)
  A blue devil (Depths:1)
  2 hydra zombies
  A red devil (D:15)
  5 trolls
  A blink frog (shapeshifter) (Depths:1)
  A hydra skeleton (D:16)
  11 two-headed ogres
  2 basilisks
  6 slime creatures (D:15)
  A brown ooze (shapeshifter) (D:16)
  A griffon skeleton (D:15)
  29 yaks
  2 vampires
  A hill giant zombie (D:8)
  7 vampire mosquitoes
  A shadow (D:12)
  A hungry ghost (D:12)
  A ynoxinul (D:15)
  6 wraiths
  Eustachio (D:9)
  A hippogriff (D:9)
  21 ugly things
  Grum (D:11)
  A chaos spawn (Depths:1)
  The ghost of Nicoed the Chopper, an average HuFi (D:6)
  2 wyverns
  A neqoxec (D:15)
  A deep elf fighter (D:8)
  A shark (D:9)
  2 steam dragons
  A mottled dragon (D:15)
  2 manticores
  Menkaure (D:7)
  2 wolves (D:11)
  5 necrophages
  21 soldier ants
  A giant goldfish (D:9)
  2 yellow wasps
  3 ice beasts
  9 orc warriors
  3 tengu (Depths:1)
  17 humans
  6 sky beasts
  A phantom (D:8)
  A black bear (D:8)
  10 ogres
  4 wargs (D:12)
  Sigmund (D:7)
  Duvessa (D:7)
  20 centaurs
  A wandering mushroom (D:9)
  A silver statue (D:15)
  A water moccasin (D:8)
  A gnoll sergeant (D:10)
  6 giant frogs
  5 big kobolds
  A yaktaur skeleton (D:16)
  35 killer bees
  An eye of draining (D:15)
  13 wights
  A yak zombie (D:12)
  2 goliath beetles
  4 electric eels (D:9)
  Dowan (D:7)
  A centaur zombie (Ossuary)
  13 crimson imps
  5 hounds
  A soldier ant zombie (D:9)
  A basilisk zombie (D:15)
  3 quasits (D:15)
  3 scorpions
  A centaur skeleton (D:5)
  6 human zombies
  4 iguanas
  4 jellies
  2 big fish (D:9)
  A giant frog skeleton (D:4)
  4 orc priests
  15 orc wizards
  2 iron imps
  27 worker ants
  13 sheep
  4 big kobold zombies
  Ijyb (D:3)
  An ogre zombie (D:6)
  A boggart (Depths:1)
  A hound zombie (D:8)
  Terence (D:2)
  2 mummies (Ossuary)
  10 adders
  12 gnolls
  4 giant centipedes
  A green rat (D:8)
  3 lemures
  3 shadow imps (D:15)
  6 white imps (D:15)
  3 ufetubi
  7 worms
  2 adder zombies (Ossuary)
  An iguana skeleton (D:9)
  A giant eyeball (D:7)
  4 giant geckos
  An ooze (D:6)
  31 orcs
  A ball python (D:1)
  11 goblins
  26 hobgoblins
  4 jackals (D:7)
  27 kobolds
  7 quokkas
  19 bats
  4 giant newts
  A goblin zombie (Ossuary)
  10 hobgoblin zombies (Ossuary)
  8 illusory rakshasas (Depths:1)
  A kobold skeleton (D:6)
  8 kobold zombies
  8 orc zombies (Ossuary)
  17 rats
  4 rat zombies
  12 ballistomycetes
  5 fungi
  A plant (D:8)
776 creatures vanquished.

Vanquished Creatures (collateral kills)
  A soul eater (Depths:1)
1 creature vanquished.

Vanquished Creatures (others)
  A green death (Depths:1)
  2 ogres (Depths:1)
  A worker ant (D:4)
  5 giant spores
9 creatures vanquished.

Grand Total: 786 creatures vanquished

Notes
Turn   | Place    | Note
--------------------------------------------------------------
     0 | D:1      | Nicoed, the Deep Dwarf Fighter, began the quest for the Orb.
     0 | D:1      | Reached XP level 1. HP: 20/20 MP: 1/1
   159 | D:1      | Reached XP level 2. HP: 24/27 MP: 2/2
   790 | D:2      | Reached XP level 3. HP: 22/33 MP: 3/3
   958 | D:2      | Reached skill level 4 in Shields
  1113 | D:2      | Noticed Terence
  1148 | D:2      | Killed Terence
  1148 | D:2      | Reached skill level 1 in Dodging
  1305 | D:2      | Found a deep blue altar of Sif Muna.
  1407 | D:2      | Reached XP level 4. HP: 33/40 MP: 4/4
  1631 | D:3      | Noticed Ijyb
  1667 | D:3      | Killed Ijyb
  1729 | D:3      | Reached XP level 5. HP: 31/46 MP: 5/5
  2351 | D:4      | Found a radiant altar of Vehumet.
  2589 | D:4      | Reached XP level 6. HP: 47/55 MP: 6/6
  2786 | D:4      | Found Moaruaxad's Assorted Antiques.
  2841 | D:5      | Entered Level 5 of the Dungeon
  3266 | D:5      | Reached skill level 5 in Shields
  3266 | D:5      | Reached XP level 7. HP: 33/61 MP: 7/7
  3638 | D:5      | Noticed a necrophage
  3648 | D:5      | Killed a necrophage
  3648 | D:5      | Reached skill level 5 in Axes
  4187 | D:6      | Reached skill level 5 in Dodging
  4193 | D:6      | Found a sparkling altar of Nemelex Xobeh.
  4198 | D:6      | Became a worshipper of Nemelex Xobeh
  4279 | D:6      | Found a bloodstained altar of Trog.
  4389 | D:6      | Found a staircase to the Ecumenical Temple.
  4416 | D:6      | Fell from the grace of Nemelex Xobeh
  4423 | Temple   | Entered the Ecumenical Temple
  4428 | Temple   | Became a worshipper of Makhleb the Destroyer
  4473 | D:6      | Found a sand-covered staircase.
  4481 | D:6      | Reached skill level 5 in Armour
  4488 | Ossuary  | Entered an ossuary
  4632 | Ossuary  | Acquired Makhleb's first power
  4671 | Ossuary  | Reached skill level 6 in Axes
  4682 | Ossuary  | Reached XP level 8. HP: 36/68 MP: 8/8
  4941 | D:6      | Noticed Nicoed's ghost (average HuFi)
  4969 | D:6      | Killed Nicoed's ghost
  5233 | D:7      | Noticed Fv001's ghost (experienced DjFi)
  5265 | D:7      | Killed Fv001's ghost
  5265 | D:7      | Reached skill level 7 in Axes
  5289 | D:7      | Noticed Duvessa
  5290 | D:7      | Noticed Dowan
  5292 | D:7      | Noticed Menkaure
  5298 | D:7      | Killed Duvessa
  5301 | D:7      | Killed Dowan
  5301 | D:7      | Reached skill level 8 in Axes
  5309 | D:7      | Killed Menkaure
  5309 | D:7      | Gained mutation: You passively map the area around you. [level up]
  5309 | D:7      | Reached XP level 9. HP: 26/74 MP: 9/9
  5463 | D:7      | Noticed Sigmund
  5467 | D:7      | Acquired Makhleb's second power
  5471 | D:7      | Paralysed by a giant eyeball for 3 turns
  5479 | D:7      | Killed Sigmund
  5812 | D:7      | Found a basalt altar of Yredelemnul.
  5819 | D:7      | Reached skill level 9 in Axes
  5868 | D:7      | Cast into the Abyss (drawing a card)
  5944 | D:7      | Escaped the Abyss
  6259 | D:7      | Acquired Makhleb's third power
  6455 | D:8      | Reached skill level 10 in Axes
  6455 | D:8      | Reached XP level 10. HP: 75/81 MP: 10/10
  6545 | D:8      | Got a polished war axe
  6683 | D:8      | Acquired Makhleb's fourth power
  6721 | D:8      | Found a shimmering altar of Xom.
  6722 | D:8      | Found a shimmering altar of Xom.
  6724 | D:8      | Found a shimmering altar of Xom.
  6741 | D:8      | Found a shimmering altar of Xom.
  6762 | D:8      | Found a shimmering altar of Xom.
  6988 | D:8      | Found a staircase to the Lair.
  7048 | D:8      | Got a vibrating lead amulet
  7280 | D:9      | Reached skill level 11 in Axes
  7285 | D:9      | Noticed an octopode
  7301 | D:9      | Killed an octopode
  7437 | D:9      | Noticed Eustachio
  7467 | D:9      | Killed Eustachio
  7524 | D:9      | Noticed Erolcha
  7537 | D:9      | Killed Erolcha
  7709 | D:9      | Noticed an octopode
  7724 | D:9      | Acquired Makhleb's fifth power
  7732 | D:9      | Killed an octopode
  7818 | D:9      | Reached skill level 12 in Axes
  7818 | D:9      | Reached XP level 11. HP: 44/88 MP: 11/11
  8028 | D:10     | Entered Level 10 of the Dungeon
  8140 | D:10     | Noticed Joseph
  8158 | D:10     | Killed Joseph
  8158 | D:10     | Reached skill level 10 in Dodging
  8576 | D:10     | Noticed a hill giant
  8585 | D:10     | Killed a hill giant
  8658 | D:10     | Noticed Maurice
  8671 | D:10     | Killed Maurice
  9077 | D:11     | Noticed Grum
  9134 | D:11     | Killed Grum
  9460 | D:11     | Reached XP level 12. HP: 100/100 MP: 12/12
  9615 | D:11     | Reached skill level 13 in Axes
  9666 | D:11     | Noticed Harold
  9695 | D:11     | Killed Harold
  9695 | D:11     | Reached skill level 5 in Fighting
  9783 | D:11     | Found a staircase to the Orcish Mines.
  9865 | D:11     | Identified a scroll of acquirement
  9869 | D:11     | Got a twisted broad axe
  9870 | D:11     | Identified the +2,-2 broad axe of Jeypteh {freeze, Hunger+ rPois MR++ Str+3} (You acquired it on level 11 of the Dungeon)
 10076 | D:12     | Noticed a four-headed hydra
 10097 | D:12     | Killed a 17-headed hydra
 10509 | D:12     | Reached skill level 10 in Armour
 11183 | D:13     | Found a portal to a secret trove of treasure.
 11371 | D:13     | Reached skill level 10 in Shields
 12174 | D:14     | Reached skill level 14 in Axes
 12189 | D:14     | Reached XP level 13. HP: 114/114 MP: 13/13
 12213 | D:14     | Noticed a seven-headed hydra
 12238 | D:14     | Killed a 19-headed hydra
 12251 | D:14     | Noticed Nergalle
 12260 | D:14     | Killed Nergalle
 12488 | D:14     | Noticed Fannar
 12530 | D:14     | Killed Fannar
 12765 | D:15     | Entered Level 15 of the Dungeon
 12765 | D:15     | Found a gate to the Vaults.
 12765 | D:15     | Noticed Rupert
 12800 | D:15     | Killed Rupert
 13281 | D:15     | Gained mutation: Your body is slowly deteriorating. [a neqoxec]
 13306 | D:15     | Reached XP level 12. HP: 51/110 MP: 10/12
 13633 | D:16     | Entered Level 16 of the Dungeon
 13856 | D:16     | Reached skill level 15 in Axes
 13859 | D:16     | Reached XP level 13. HP: 115/117 MP: 14/14
 13868 | D:16     | Found a staircase to the Depths.
 13896 | Depths:1 | Entered Level 1 of the Depths
 13925 | Depths:1 | Reached skill level 1 in Invocations
 14247 | Depths:1 | Noticed a fire giant
 15127 | Depths:1 | Killed a fire giant
 15204 | Depths:1 | Gained mutation: You resist negative energy. [level up]
 15204 | Depths:1 | Reached XP level 14. HP: 129/129 MP: 17/17
 15273 | Depths:1 | Found a gateway to Hell.
 15315 | Depths:1 | Reached skill level 16 in Axes
 15315 | Depths:1 | Reached skill level 10 in Fighting
 15349 | Depths:1 | Found Qezarapp's Antique Armour Boutique.
 15361 | Depths:1 | Bought a helmet for 82 gold pieces
 15390 | Depths:1 | Noticed a golden dragon
 15410 | Depths:1 | Killed a golden dragon
 15704 | Depths:1 | Noticed a grey draconian
 15729 | Depths:1 | Killed a grey draconian
 15774 | Depths:1 | Noticed a spriggan air mage
 15775 | Depths:1 | Noticed a stone giant
 15783 | Depths:1 | Killed a spriggan air mage
 15789 | Depths:1 | Killed a stone giant
 15793 | Depths:1 | Noticed a spriggan air mage
 15797 | Depths:1 | Killed a spriggan air mage
 15834 | Depths:1 | Noticed a titan
 15852 | Depths:1 | Noticed a vampire knight
 15852 | Depths:1 | Killed a titan
 15861 | Depths:1 | Killed a vampire knight
 15996 | Depths:1 | Noticed a deep elf sorcerer
 15997 | Depths:1 | Noticed a deep elf annihilator
 15997 | Depths:1 | Noticed a purple draconian
 16007 | Depths:1 | Killed from afar by a deep elf annihilator

Action                   |  1- 3 |  4- 6 |  7- 9 | 10-12 | 13-15 || total
-------------------------+-------+-------+-------+-------+-------++-------
Melee: Hand axe          |   158 |   196 |   399 |       |       ||   753
       Unarmed           |    10 |       |       |       |       ||    10
       War axe           |       |       |   114 |   927 |       ||  1041
       Long sword        |       |       |    11 |       |       ||    11
       Broad axe         |       |       |       |   429 |   778 ||  1207
Invok: Renounce Religion |       |       |     1 |       |       ||     1
       Major Destruction |       |       |       |     1 |     1 ||     2
       Greater Servant o |       |       |       |       |     1 ||     1
Evoke: Wand              |     1 |     2 |     4 |    10 |     9 ||    26
       disc of storms    |       |       |       |     2 |       ||     2
       fan of gales      |       |       |       |       |     1 ||     1
  Use: Scroll            |       |    10 |     5 |    13 |     9 ||    37
       Potion            |       |       |    10 |       |    12 ||    22
 Stab: Distracted        |       |       |       |       |     2 ||     2
